 Dungeon Sprint DCSS version 0.26.1-11-gd32895ea62 (webtiles) character file.

Game seed: 1793607078666143917

10 Zeld the Firebug (level 2, -1/15 HPs)
             Began as a Deep Elf Fire Elementalist on June 6, 2021.
             Was an Initiate of Sif Muna.
             Slain by an orc wizard
             ... wielding a +2 long sword of holy wrath
              (8 damage)
             ... in the Dungeon (Sprint V: "Ziggurat Sprint").
             The game lasted 00:00:52 (244 turns).

Zeld the Firebug (Deep Elf Fire Elementalist)        Turns: 244, Time: 00:00:52

Health: -1/15      AC:  2    Str:  5    XL:     2   Next: 10%
Magic:  6/10       EV: 15    Int: 31    God:    Sif Muna [......]
Gold:   0          SH:  0    Dex: 15    Spells: 11/12 levels left

rFire    . . .     SeeInvis .   (no weapon)
rCold    . . .     Faith    .   (no shield)
rNeg     . . .     Spirit   .   a - +0 robe
rPois    .         Reflect  .   (no helmet)
rElec    .         Harm     .   (no cloak)
rCorr    .         Rampage  .   (no gloves)
Will     .....     NoTele   +   (no boots)
Stlth    ++........             (no amulet)
HPRegen  0.05/turn              w - +6 ring of intelligence
MPRegen  0.12/turn              v - +6 ring of intelligence

@: very slightly contaminated
A: no striking features
a: Renounce Religion


You were in the Dungeon.
You worshipped Sif Muna.
Sif Muna was noncommittal.
You visited 1 branch

Inventory:

Armour
 a - a +0 robe (worn)
Jewellery
 v - a +6 ring of intelligence (right hand)
 w - a +6 ring of intelligence (left hand)
Wands
 s - a wand of disintegration (7)
 t - a wand of iceblast (7)
 u - a wand of acid (7)
Scrolls
 h - 4 scrolls of blinking
 m - 4 scrolls of amnesia
 n - 7 scrolls of fog
 o - a scroll of holy word
 p - 5 scrolls of identify
 q - 5 scrolls of remove curse
 r - 2 scrolls of fear
Potions
 b - 2 potions of brilliance
 c - 10 potions of curing
 d - 10 potions of heal wounds
 e - 6 potions of haste
 f - 7 potions of magic
 g - 3 potions of berserk rage
 i - 2 potions of invisibility
 j - 4 potions of resistance
 l - 5 potions of might
Miscellaneous
 x - a lightning rod (4/4)


   Skills:
 + Level 5.0 Dodging
 - Level 2.4 Stealth
 + Level 5.7 Spellcasting
 - Level 1.1 Conjurations
 * Level 6.6 Fire Magic
 * Level 0.2 Invocations


You had 11 spell levels left.
You knew the following spells:

 Your Spells              Type           Power        Failure   Level
a - Foxfire               Conj/Fire      100%         1%          1

Your spell library contained the following spells:

 Spells                   Type           Power        Failure   Level
 Conjure Flame            Conj/Fire      32%          3%          3
 Inner Flame              Hex/Fire       29%          3%          3
 Sticky Flame             Conj/Fire      32%          11%         4
 Fireball                 Conj/Fire      16%          28%         5


Dungeon Overview and Level Annotations

Branches:
Dungeon (1/1)

Altars:
Ashenzari
Cheibriados
Dithmenos
Elyvilon
Fedhas
Gozag
Hepliaklqana
Kikubaaqudgha
Makhleb
Nemelex Xobeh
Okawaru
Qazlal
Ru
Sif Muna
Trog
Uskayaw
Vehumet
Wu Jian
Xom
Yredelemnul
Zin
The Shining One
Beogh
Jiyva
Lugonu

Annotations:
D 1 transporter


Message History

Ouch! That really hurt!
Casting: Foxfire (safe; 1% risk of failure)
Confirm with . or Enter, or press ? or * to list all spells.
You conjure some foxfire!
The foxfire hits the orc wizard.
The orc wizard is severely wounded.
The foxfire hits the orc wizard.
The orc wizard is almost dead.
Unknown command.
Casting: Foxfire (safe; 1% risk of failure)
Confirm with . or Enter, or press ? or * to list all spells.
You conjure some foxfire!
The foxfire hits the orc.
The orc is lightly wounded.
The orc wizard casts a spell at you. You resist with significant effort.
The orc wizard barely misses you.
The foxfire hits the orc.
The orc is almost dead.
The orc wizard hits you with a +2 long sword of holy wrath!
Ouch! That really hurt!
You die...

▓▓▓▓▓▓▓▓▓▓▓▓▓
▓.8©8.▓.8©8.▓
▓.[)).▓.....▓
▓.....▓.|.|.▓
▓.....▓.....▓
▓.....▓.....▓
▓.ooo.▓..©..▓
▓..@..▓▓▓▓▓▓▓
▓▓▓▓▓▓▓


You could see 2 orc wizards and an orc.

Vanquished Creatures
  A bat zombie (D)
  A leopard gecko skeleton (D)
2 creatures vanquished.

Vanquished Creatures (others)
  A large abomination (D)
  3 small abominations (D)
  An adder skeleton (D)
  11 foxfires (D)
16 creatures vanquished.

Grand Total: 18 creatures vanquished

Notes
Turn   | Place    | Note
-------+----------+-------------------------------------------
     0 | D        | Zeld the Deep Elf Fire Elementalist began the quest for the
                  | Orb.
     0 | D        | Reached XP level 1. HP: 10/10 MP: 6/6
     0 | D        | Found a shimmering blue altar of Sif Muna.
     0 | D        | Found a bloodstained altar of Trog.
     0 | D        | Found a sacrificial altar of Ru.
     0 | D        | Found a stormy altar of Qazlal.
     0 | D        | Found an iron altar of Okawaru.
     1 | D        | Found a sparkling altar of Nemelex Xobeh.
     1 | D        | Found a blossoming altar of Fedhas.
     2 | D        | Found the +6 Majin-Bo {vamp, MP+6 Int+6}
     2 | D        | Found the +9 heavy crossbow "Sniper" {vorpal, Acc+∞ SInv}
     2 | D        | Found the +10 dark maul {vorpal}
     2 | D        | Found the +15 Maxwell's patent armour {-Cast -Tele rElec
                  | Will+ rCorr}
     2 | D        | Found the +18 shield of the Gong {rElec rN+ Will+ EV-5}
     2 | D        | Found the cursed +14 obsidian axe {vorpal, +Fly SInv
                  | *Curse}
     2 | D        | Found the +7 great mace "Firestarter" {inner flame, rF++}
     2 | D        | Found the +6 shillelagh "Devastator" {shatter}
     2 | D        | Found the +11 plutonium sword {*Contam Stlth-}
     2 | D        | Found the +8 lance "Wyrmbane" {slay drac, rPois rF+ rC+
                  | AC+3}
     2 | D        | Found the +9 sword of Zonguldrok {reap}
     2 | D        | Found the cursed +13 scythe of Curses {drain, *Curse}
     2 | D        | Found the +5 sword of Power {vorpal}
     2 | D        | Found the +7 mace of Variability {chain chaos}
     2 | D        | Found the +7 Singing Sword {vorpal, sonic wave}
     2 | D        | Found the +8 storm bow {elec, penet}
     3 | D        | Found a transporter.
     3 | D        | Found an ancient bone altar of Kikubaaqudgha.
     3 | D        | Found a viscous altar of Jiyva.
     3 | D        | Found a corrupted altar of Lugonu.
     3 | D        | Found a hazy altar of Hepliaklqana.
     3 | D        | Found a burning altar of Makhleb.
     3 | D        | Found an opulent altar of Gozag.
    16 | D        | Reached skill level 5 in Dodging
    16 | D        | Reached skill level 5 in Spellcasting
    16 | D        | Reached skill level 6 in Fire Magic
    16 | D        | Reached XP level 2. HP: 15/15 MP: 6/10
    17 | D        | Banished a spatial maelstrom
    21 | D        | Became a worshipper of Sif Muna the Loreminder
    35 | D        | Killed a small abomination
    48 | D        | Killed a large abomination
    48 | D        | Killed a small abomination
    81 | D        | Killed a small abomination
    86 | D        | Entered arena 2.
    86 | D        | Found a transporter.
   237 | D        | Entered arena 3.
   237 | D        | Found a transporter.
   244 | D        | Slain by an orc wizard

Illustrated notes

Levels and vault maps discovered:
D:        sprint_v [room_start, room_1, room_2, room_3, room_4, room_5, room_6,
          room_7, room_8, room_9, room_10, room_11, room_12, room_13, room_14,
          room_15, room_16, room_17, room_18, room_19, room_20, room_21,
          room_22, room_23, room_24, room_25, room_26, room_27]

Skill      XL: |  1 |
---------------+----+-----
Dodging        | 5 |  5.0
Spellcasting   | 5 |  5.7
Fire Magic     | 6 |  6.6
Stealth        | |  2.4
Conjurations   | |  1.1
Invocations    | |  0.2

Action                   || total
-------------------------++-------
 Cast: Foxfire           ||     6
  Use: Potion            ||     1
Armor: Robe              ||     1
Dodge: Dodged            ||     3
